[Event "*** SCC Grand Prix: Titled Tuesday Blitz"]
[Site "Chess.com"]
[Date "2020.10.13"]
[Round "5"]
[White "GiantThresher"]
[Black "temus_galaktionov"]
[Result "1-0"]
[WhiteElo "2843"]
[BlackElo "2641"]
[TimeControl "180+1"]
[EndTime "10:56:26 PDT"]
[Termination "GiantThresher won by resignation"]

1. e4 c6 2. d4 g6 3. Nc3 d6 4. Nge2 Nd7 5. a4 Bg7 6. g3 e5 7. Bg2 Ne7 8. O-O O-O 9. Be3 f5 10. Qd2 fxe4 11. Nxe4 Nf5 12. Bg5 Qc7 13. d5 c5 14. c3 h6 15. Be3 Nf6 16. f4 Ng4 17. Bf2 Bd7 18. Kh1 Nxf2+ 19. Rxf2 Rae8 20. Raf1 exf4 21. Nxf4 Kh7 22. Qd3 c4 23. Qb1 Ne3 24. Nxg6 Rxf2 25. Rxf2 Bf5 26. Rxf5 Nxf5 27. Nh4 Qf7 28. Nxf5 Kh8 29.
Nexd6 Qe7 30. Nxe8 Qxe8 31. d6 Be5 32. Qc1 Qe6 33.
Qxh6+ Qxh6 34. Nxh6 Kg7 35. d7 Bc7 36. Nf5+ Kf6 37.
g4 Ke6 38. Bxb7 Kxd7 39. Bd5 Bf4 40. Bxc4 Bc1 41. b3 Bd2 42. Bb5+ Ke6 43. c4 a5 44. Kg2 Ke5 45. Kf3 Bb4 46. h4 Bf8 47. h5 Kf6 48. Kf4 Bb4 49. g5+ Ke6 50. h6 Bd2+ 51. Kg4 Kf7 52. Kh5 Bc3 53. c5 1-0

[Event "*** SCC Grand Prix: Titled Tuesday Blitz"]
[Site "Chess.com"]
[Date "2020.10.13"]
[Round "5"]
[White "Revnov"]
[Black "Heineccius"]
[Result "1-0"]
[WhiteElo "2706"]
[BlackElo "2512"]
[TimeControl "180+1"]
[EndTime "10:56:26 PDT"]
[Termination "Revnov won by resignation"]

1. e4 c5 2. Nf3 e6 3. d4 cxd4 4. Nxd4 Nc6 5. Nc3 Qc7 6. a3 a6 7. Be3 b5 8. Nxc6 dxc6 9. Qg4 Nf6 10. Qg3 Qxg3 11. hxg3 e5 12. f3 Be7 13. a4 Bb7 14. Nb1 O-O 15. Nd2 Nd7 16. Nb3 Rfc8 17. Kf2 a5 18. Be2 b4 19. Rhd1 Rc7 20. Nd2 Bc5 21. Nc4 Bxe3+ 22. Kxe3 f6 23. Rd6 Kf8 24.
Rad1 Ke7 25. f4 exf4+ 26. gxf4 Nc5 27. b3 Ba6 28. R6d4 Bc8 29. f5 Bd7 30. g4 Be8 31. e5 fxe5 32. Nxe5 Raa7 33. Bf3 Nb7 34. Kf4 c5 35. Re4 Kf8 36. Rde1 Nd6 37. R4e3 Re7 38. Bd5 Nf7 39. Nc4 Rxe3 40. Rxe3 Nd8 41. Re5 h6 42. Be4 Nf7 43. Rxc5 Rd7 44. Bd3 Rd4+ 45. Kg3 Ng5 46. Rxa5 Ke7 47. Re5+ Kf7 48. Re3 Bc6 49. Ne5+ Kf6 50.
Nxc6 h5 51. Nxd4 1-0

[Event "*** SCC Grand Prix: Titled Tuesday Blitz"]
[Site "Chess.com"]
[Date "2020.10.13"]
[Round "5"]
[White "redbaron8888"]
[Black "seorobert1971"]
[Result "1/2-1/2"]
[WhiteElo "2522"]
[BlackElo "2720"]
[TimeControl "180+1"]
[EndTime "10:56:27 PDT"]
[Termination "Game drawn - insufficient material"]

1. e4 e5 2. Nf3 Nc6 3. Bb5 a6 4. Ba4 Nf6 5. O-O Be7 6. Re1 b5 7. Bb3 d6 8. a4 Rb8 9. axb5 axb5 10. c3 b4 11. d4 bxc3 12. bxc3 exd4 13. Ba4 Bd7 14.
cxd4 O-O 15. Nc3 Nb4 16. Bxd7 Qxd7 17. Ba3 c5 18. e5 dxe5 19. dxe5 Qxd1 20. Rexd1 Ng4 21.
Nd5 Rfe8 22. h3 Nh6 23. Nxe7+ Rxe7 24. Rac1 Na6 25. Bxc5 Nxc5 26. Rxc5 Ree8 27. g4 Rbd8 28. Rxd8 Rxd8 29. Kg2 Kf8 30. Rc7 Re8 31. Kg3 Re7 32. Rxe7 Kxe7 33. Nd4 g6 34. Kf4 Ng8 35. Ke4 f6 36. f4 fxe5 37. Kxe5 Nf6 38. Nc6+ Kf7 39. Nd8+ Ke7 40. Nc6+ Kf7 41. Kd4 Ke6 42. Ne5 Ne8 43.
Nf3 Kf6 44. Kd5 Nc7+ 45. Kd6 Ne6 46. g5+ Kf5 47. Nh4+ Kxf4 48. Kxe6 Kxg5 49. Ng2 Kh6 50. Kf6 Kh5 51. h4 h6 52. Ke5 g5 53. hxg5 hxg5 54.
Ke4 Kg4 55. Ke3 Kg3 56. Ne1 g4 57. Nd3 Kh2 58. Nf4 g3 59. Kf3 g2 60. Nxg2 1/2-1/2

[Event "*** SCC Grand Prix: Titled Tuesday Blitz"]
[Site "Chess.com"]
[Date "2020.10.13"]
[Round "5"]
[White "Trovita84"]
[Black "PawnEatingZombie"]
[Result "0-1"]
[WhiteElo "2021"]
[BlackElo "2183"]
[TimeControl "180+1"]
[EndTime "10:56:27 PDT"]
[Termination "PawnEatingZombie won on time"]

1. e4 c6 2. d4 d5 3. e5 Bf5 4. h4 h5 5. Bg5 Qb6 6. Bd3 Qxd4 7.
Nf3 Qg4 8. O-O Bxd3 9. Qxd3 e6 10. Nc3 Ne7 11. Rad1 Nf5 12. a3 Nd7 13. b4 Be7 14. g3 O-O-O 15. b5 Nc5 16. Qe2 Bxg5 17. Nxg5 Qxe2 18.
Nxe2 Rd7 19. bxc6 bxc6 20. Rb1 f6 21. Nf3 Rb7 22. Rxb7 Kxb7 23. Rb1+ Kc7 24. exf6 gxf6 25. Ned4 Nxd4 26. Nxd4 e5 27. Nf5 Rb8 28. Rxb8 Kxb8 29. Ng7 Nd7 30. Nxh5 Kc7 31. Ng7 Kd6 32. h5 Ke7 33. g4 Kf7 34. Nf5 c5 35. Kf1 c4 36.
Ke2 Nc5 37. h6 Kg6 38. f3 d4 39. Nd6 c3 40. Nf5 Ne6 41. Kd3 Nf4+ 42. Kc4 Ne2 0-1

[Event "*** SCC Grand Prix: Titled Tuesday Blitz"]
[Site "Chess.com"]
[Date "2020.10.13"]
[Round "5"]
[White "akanga001"]
[Black "Alexandercs432"]
[Result "1-0"]
[WhiteElo "1851"]
[BlackElo "2152"]
[TimeControl "180+1"]
[EndTime "10:56:27 PDT"]
[Termination "akanga001 won on time"]

1. d4 Nf6 2. c4 e6 3. Nf3 b6 4. g3 Bb7 5. Bg2 Be7 6. O-O O-O 7.
Nc3 Ne4 8. Bd2 d6 9. Qc2 Nxd2 10. Qxd2 Nd7 11. b4 c5 12. bxc5 dxc5 13. d5 e5 14. Ne4 h6 15. Ne1 f5 16. Nc3 Bd6 17. Nb5 Nf6 18.
Nc2 Qe7 19. Ne3 g6 20. h4 h5 21. Qc2 a6 22. Nxd6 Qxd6 23. Rab1 Rab8 24. Rb2 Bc8 25. Rfb1 Bd7 26. a4 Rb7 27. a5 b5 28. cxb5 Bxb5 29. Nc4 Qb8 30. Nb6 Rxb6 31. axb6 Qxb6 32. Qd2 Rd8 33.
e3 Qd6 34. Bf1 Bxf1 35. Kxf1 Qxd5 36. Qxd5+ Rxd5 37. Rb6 Kg7 38. Rxa6 Ne4 39. Rb7+ Kh6 40. Ra8 g5 41. Rh8+ Kg6 42. Rg8+ Kf6 43. hxg5+ Ke6 44. g6 Rd2 45. Re8+ Kf6 46. g7 Rxf2+ 47. Kg1 1-0

[Event "*** SCC Grand Prix: Titled Tuesday Blitz"]
[Site "Chess.com"]
[Date "2020.10.13"]
[Round "5"]
[White "Mazetovic"]
[Black "maxip32"]
[Result "1-0"]
[WhiteElo "2635"]
[BlackElo "2418"]
[TimeControl "180+1"]
[EndTime "10:56:28 PDT"]
[Termination "Mazetovic won on time"]

1. e4 e5 2. Nf3 Nf6 3. Nc3 Nc6 4. Bb5 Bd6 5. d3 a6 6. Ba4 O-O 7. a3 Ne7 8. Bb3 Ng6 9. h4 h6 10. h5 Nf4 11. g3 Ne6 12. Nh4 Nd4 13. Ba2 c6 14. Ne2 Bc5 15. Nxd4 Bxd4 16. c3 Bc5 17.
Nf5 d5 18. Qf3 dxe4 19. dxe4 Nh7 20. b4 Bb6 21. Rh4 Qf6 22. Rg4 Bxf5 23. Qxf5 Qxf5 24. exf5 Nf6 25. Rh4 Rfd8 26. Ke2 Rd6 27. c4 Bd4 28. Rb1 Rad8 29. Rb3 b5 30. c5 R6d7 31. Bb1 Nd5 32. Bd2 Nf6 33. Be1 Rd5 34. f3 Re8 35.
Be4 Nxe4 36. Rxe4 Rd7 37. a4 Rb8 38. Ra3 a5 39. axb5 axb4 40. bxc6 bxa3 41. cxd7 a2 42. Bc3 Bxc3 43. Ra4 a1=Q 44. Rxa1 Bxa1 45. c6 1-0

[Event "*** SCC Grand Prix: Titled Tuesday Blitz"]
[Site "Chess.com"]
[Date "2020.10.13"]
[Round "5"]
[White "MarceloPlaya"]
[Black "PhileKhoob"]
[Result "0-1"]
[WhiteElo "2278"]
[BlackElo "2505"]
[TimeControl "180+1"]
[EndTime "10:56:28 PDT"]
[Termination "PhileKhoob won on time"]

1. e4 c5 2. Nf3 d6 3. d4 cxd4 4. Nxd4 Nf6 5. Nc3 a6 6. Bg5 e6 7.
f4 Qb6 8. Nb3 Be7 9. Qd2 Nc6 10.
O-O-O O-O 11. g4 Rd8 12. Bxf6 Bxf6 13. g5 Be7 14. h4 Qc7 15. h5 b5 16. g6 fxg6 17. hxg6 h6 18. Kb1 Bf6 19. Ne2 Bb7 20. Bh3 Qe7 21. Nbd4 Nxd4 22. Nxd4 Bxd4 23. Qxd4 Rac8 24.
Rhe1 Rc4 25. Qd3 Kh8 26. f5 e5 27. Bg2 a5 28. Qe3 Rdc8 29. Rd2 b4 30. Rh1 Kg8 31. Rf1 Qc7 32. Rff2 a4 33. f6 gxf6 34. Qxh6 b3 35.
axb3 axb3 36. c3 Ra8 37. Qh7+ Qxh7 38. gxh7+ Kxh7 39. Rxd6 Bxe4+ 40. Bxe4+ Rxe4 41. Rd1 Rea4 42. Kc1 Ra1+ 43. Kd2 Rd8+ 44. Ke2 Raxd1 0-1

[Event "*** SCC Grand Prix: Titled Tuesday Blitz"]
[Site "Chess.com"]
[Date "2020.10.13"]
[Round "5"]
[White "Loy_Konstantin"]
[Black "Chamal_Gedgafov"]
[Result "1-0"]
[WhiteElo "2353"]
[BlackElo "2168"]
[TimeControl "180+1"]
[EndTime "10:56:28 PDT"]
[Termination "Loy_Konstantin won on time"]

1. e4 e6 2. d3 c5 3. Nf3 Nc6 4. g3 d6 5. Bg2 Nf6 6. O-O Be7 7. Re1 Qc7 8. c3 O-O 9. d4 e5 10. h3 cxd4 11. cxd4 exd4 12. Nxd4 Nxd4 13. Qxd4 Nd7 14.
Nc3 Bf6 15. Nd5 Bxd4 16. Nxc7 Rb8 17. Rb1 Ne5 18. Be3 Bc5 19. b4 Bxe3 20. Rxe3 Be6 21. Nxe6 fxe6 22. f4 Nc4 23. Rd3 b5 24. Rd4 Rfc8 25.
Bf1 Rb6 26. Rc1 Rbc6 27. Kf2 Kf7 28. Bxc4 bxc4 29. Ke3 Ke7 30. Kd2 Kd7 31. Kc3 Ra6 32.
Kb2 c3+ 33. Kb3 c2 34. Rd2 Rb6 35. a3 a5 36. Rdxc2 Rcb8 37. Rc7+ Kd8 38. R7c4 axb4 39. Rxb4 Rxb4+ 40. axb4 Kd7 41. Ra1 Rb7 42. Ra8 Rc7 43. b5 Rc1 44. Ra7+ Ke8 45. Rxg7 1-0

[Event "*** SCC Grand Prix: Titled Tuesday Blitz"]
[Site "Chess.com"]
[Date "2020.10.13"]
[Round "5"]
[White "INLOVEWITHF"]
[Black "Kaua18"]
[Result "0-1"]
[WhiteElo "2533"]
[BlackElo "2359"]
[TimeControl "180+1"]
[EndTime "10:56:29 PDT"]
[Termination "Kaua18 won on time"]

1. d4 Nf6 2. g4 Nxg4 3. e4 h5 4. h3 Nh6 5. Nc3 g6 6. Be3 Bg7 7.
Qd2 d6 8. f4 Na6 9. O-O-O c6 10. Nf3 Qa5 11. Bc4 b5 12. Bb3 Nc7 13. Kb1 b4 14.
Ne2 Qb5 15. Rhg1 Bxh3 16. f5 Bg4 17. fxg6 Bxf3 18. gxf7+ Kf8 19. Rxg7 Kxg7 20. Rg1+ Ng4 21. Ng3 d5 22. Bf4 Ne6 23. Nf5+ Kxf7 24. exd5 Bxd5 25. Be5 Rh7 26. Ne3 Bxb3 27. Nxg4 hxg4 28. axb3 Rg8 29. Qf2+ Ke8 30. Re1 Rf7 31. Qg2 Qd5 32. Qe2 Qf3 33. Qa6 Qd5 34. Qc8+ Nd8 35. Bc7 Qd7 36. Qb8 g3 37. d5 cxd5 0-1

[Event "*** SCC Grand Prix: Titled Tuesday Blitz"]
[Site "Chess.com"]
[Date "2020.10.13"]
[Round "5"]
[White "jamalm2"]
[Black "Matveev_Vladimir"]
[Result "0-1"]
[WhiteElo "1787"]
[BlackElo "2677"]
[TimeControl "180+1"]
[EndTime "10:56:29 PDT"]
[Termination "Matveev_Vladimir won on time"]

1. Nf3 Nf6 2. c4 g6 3. d4 Bg7 4.
Nc3 O-O 5. e4 d6 6. Be2 e5 7.
Bg5 exd4 8. Nxd4 Nc6 9. Nxc6 bxc6 10. Qd2 Qe8 11. Bf3 Rb8 12. O-O Be6 13. b3 Nd7 14. Rac1 Ne5 15. Be2 c5 16. Bh6 Nc6 17. Bxg7 Kxg7 18.
Nd5 Bxd5 19. exd5 Nd4 20. Bd3 Qd8 21. Rce1 Qf6 22. Qa5 Rb7 23. Re4 Qg5 24. f4 Qd8 25. Rfe1 c6 26. Qxd8 Rxd8 27. dxc6 Nxc6 28. Re8 Rbd7 29. f5 g5 30. Rxd8 Rxd8 31. Be4 Re8 32. Kf2 Nd4 33. Bd5 Rxe1 34. Kxe1 Nxf5 35. Ke2 Nd4+ 36.
Kd3 a5 37. Ke4 f5+ 38. Kd3 Kf6 39. Kc3 Ke5 40. a3 h6 41. b4 axb4+ 42. axb4 cxb4+ 43. Kxb4 Nc2+ 44. Kc3 Ne3 45. Bb7 Nf1 46. h3 Ne3 47. Kd3 f4 48. Bf3 Nf5 49. Bb7 Nd4 50. Bd5 Ne6 51.
Bxe6 Kxe6 52. Ke4 h5 53. h4 Kf6 0-1

[Event "*** SCC Grand Prix: Titled Tuesday Blitz"]
[Site "Chess.com"]
[Date "2020.10.13"]
[Round "5"]
[White "maximnovik"]
[Black "Rodalquilar"]
[Result "0-1"]
[WhiteElo "2537"]
[BlackElo "2759"]
[TimeControl "180+1"]
[EndTime "10:56:30 PDT"]
[Termination "Rodalquilar won on time"]

1. d4 d5 2. c4 e6 3. Nc3 a6 4.
cxd5 exd5 5. Bf4 Nf6 6. e3 c5 7. Nf3 c4 8. h3 b5 9. g4 Bb7 10. Bg2 Be7 11. O-O O-O 12. Ne5 h6 13. a4 b4 14. Ne2 Ra7 15. Ng3 g5 16. Nf5 gxf4 17. Nxh6+ Kg7 18. g5 Nh7 19. exf4 Bc8 20. Qh5 Bxg5 21.
fxg5 Qxg5 22. Qxg5+ Nxg5 23. Nhg4 Rd8 24. f4 Ne4 25. f5 f6 26. Bxe4 dxe4 27. Nxc4 Rxd4 28.
Nce3 Rc7 29. Rac1 Rc6 30. Rxc6 Nxc6 31. Rc1 Bb7 32. Kf2 Rd2+ 33. Kg3 Rxb2 34. h4 b3 35. h5 Ra2 36. h6+ Kh8 37. Nxf6 b2 38. Rb1 Ne5 39. Nd1 Nd3 40. Ng4 Ra1 41. Rxb2 Nxb2 42. Nxb2 Ra3+ 43. Kf4 Rf3+ 44. Kg5 e3 45. Nd3 e2 46. Nf4 Rxf4 0-1

[Event "*** SCC Grand Prix: Titled Tuesday Blitz"]
[Site "Chess.com"]
[Date "2020.10.13"]
[Round "5"]
[White "BocharovD"]
[Black "RaunakSadhwani2005"]
[Result "0-1"]
[WhiteElo "2797"]
[BlackElo "2962"]
[TimeControl "180+1"]
[EndTime "10:56:31 PDT"]
[Termination "RaunakSadhwani2005 won by resignation"]

1. c4 Nf6 2. d4 g6 3. g3 Bg7 4. Bg2 O-O 5. Nc3 d6 6. Nf3 Nbd7 7. O-O e5 8. e4 Re8 9. h3 exd4 10.
Nxd4 Nc5 11. Re1 c6 12. Bf4 Qb6 13. Nb3 Rd8 14. Qc2 Be6 15. Be3 Qa6 16. Nxc5 dxc5 17.
b3 Qa5 18. Rad1 Ng4 19. hxg4 Qxc3 20. Qe2 Bd4 21. Rd3 Qa5 22. Red1 Bxe3 23. Qxe3 Rxd3 24. Rxd3 Bxg4 25. Qg5 Be6 26. f4 Qxa2 27. f5 Qb1+ 28. Bf1 Re8 29. Rd8 Bd7 30. Rxd7 Qxe4 31. fxg6 hxg6 32.
Qf6 Qe3+ 33. Kg2 Qe4+ 34. Qf3 Qc2+ 35. Kg1 Rf8 36. Rxb7 a5 37. Qxc6 Qc3 38. Qd6 Qe3+ 39. Kg2 Qe4+ 40. Kg1 Qxb7 41. Qxc5 Qxb3 42. Qxa5 Qxg3+ 0-1

[Event "*** SCC Grand Prix: Titled Tuesday Blitz"]
[Site "Chess.com"]
[Date "2020.10.13"]
[Round "5"]
[White "MathiasWomacka"]
[Black "AndreyNeves"]
[Result "0-1"]
[WhiteElo "2485"]
[BlackElo "2286"]
[TimeControl "180+1"]
[EndTime "10:56:31 PDT"]
[Termination "AndreyNeves won on time"]

1. e4 c5 2. Nf3 Nc6 3. d4 cxd4 4. Nxd4 Nf6 5. Nc3 d6 6. Be2 g6 7. Nb3 Bg7 8. O-O O-O 9. Re1 a5 10. a4 Be6 11. Bf1 Nb4 12. Nd4 Bd7 13. Ndb5 Bc6 14. Bg5 h6 15. Bh4 g5 16. Bg3 Nd7 17. h4 Ne5 18.
hxg5 hxg5 19. Qd2 Bf6 20. Nd5 Nxd5 21. exd5 Bxb5 22. Bxb5 Qb6 23. Ra3 Kg7 24. Bxe5 dxe5 25. Rh3 Rh8 26. Ree3 Qd4 27. Qxd4 exd4 28. Rb3 Rxh3 29.
gxh3 e5 30. dxe6 fxe6 31. Bc4 e5 32. Rxb7+ Kh8 33. Rf7 Bg7 34. Rf5 e4 35. Rxg5 Bf6 36. Rg6 Rf8 37. Kg2 Kh7 38. Rg4 Re8 0-1

[Event "*** SCC Grand Prix: Titled Tuesday Blitz"]
[Site "Chess.com"]
[Date "2020.10.13"]
[Round "5"]
[White "Steven_Rojas"]
[Black "Jumbo"]
[Result "1-0"]
[WhiteElo "2475"]
[BlackElo "2766"]
[TimeControl "180+1"]
[EndTime "10:56:33 PDT"]
[Termination "Steven_Rojas won on time"]

1. c4 c5 2. Nc3 Nc6 3. Nf3 g6 4. e3 Bg7 5. d4 d6 6. d5 Na5 7. e4 a6 8. Be2 Nf6 9. O-O O-O 10. a3 b5 11. cxb5 c4 12. Nd2 axb5 13. Nxb5 Ba6 14. Nc3 Qb6 15. Rb1 Rfc8 16. Nf3 Nb3 17.
Be3 Qb7 18. Nd4 Nd7 19. Nxb3 cxb3 20. Bxa6 Rxa6 21. Bd4 Rc4 22. Bxg7 Kxg7 23. Qe2 Rxc3 24. bxc3 Rxa3 25. Rb2 Nc5 26. e5 Qxd5 27. exd6 Qxd6 28. Qe3 Ra4 29. g3 Re4 30. Qf3 Qe5 31. Kg2 Rc4 32. Rc1 e6 33. Rd2 Ra4 34. c4 Ra2 35. Qd1 Qe4+ 36.
Kg1 b2 37. Rb1 Na4 38. Rc2 Ra1 39. f3 Qe3+ 40. Kg2 Rxb1 41. Qxb1 Qb3 42. Kf2 1-0

[Event "*** SCC Grand Prix: Titled Tuesday Blitz"]
[Site "Chess.com"]
[Date "2020.10.13"]
[Round "5"]
[White "MalyDominator"]
[Black "doons21"]
[Result "0-1"]
[WhiteElo "2368"]
[BlackElo "2571"]
[TimeControl "180+1"]
[EndTime "10:56:33 PDT"]
[Termination "doons21 won on time"]

1. e4 e6 2. d4 d5 3. Nd2 Nc6 4. Ngf3 Nf6 5. e5 Nd7 6. Bd3 Nb4 7. Bb5 c5 8. c3 Nc6 9. O-O cxd4 10. cxd4 Qb6 11.
Bxc6 bxc6 12. Nb3 a5 13. Ng5 h6 14. Qh5 g6 15. Qh4 a4 16. Nc5 Nxc5 17. dxc5 Bxc5 18.
Nxf7 Be7 19. Nd6+ Kd7 20. Qg3 Ba6 21. Be3 Qb4 22. Rac1 Bxf1 23. Kxf1 g5 24. Rc2 a3 25.
b3 Qh4 26. Qf3 Rhf8 27. Qd1 Qxh2 28. Qd4 Qh1+ 29. Ke2 Rfb8 30. Qc5 Rc8 31. Qb6 Rc7 32. Nb5 Rac8 33. Nxc7 Rxc7 34. Qa6 Qxg2 35. b4 Qg4+ 36. f3 Qxb4 37. Qa8 Qb5+ 38. Kf2 Rc8 39. Qa7+ Rc7 40. Qa8 Qd3 41. Rd2 Qc4 42. Qg8 g4 43. fxg4 Qe4 44.
Qh8 c5 45. Qxh6 d4 0-1

[Event "*** SCC Grand Prix: Titled Tuesday Blitz"]
[Site "Chess.com"]
[Date "2020.10.13"]
[Round "5"]
[White "HrvojeZagreb"]
[Black "bugsbunny444"]
[Result "1-0"]
[WhiteElo "2178"]
[BlackElo "2460"]
[TimeControl "180+1"]
[EndTime "10:56:33 PDT"]
[Termination "HrvojeZagreb won on time"]

1. d4 e6 2. Bf4 c5 3. c3 Nf6 4. e3 Nc6 5. Nd2 d5 6. Ngf3 cxd4 7. exd4 Nh5 8. Bg3 Nxg3 9. hxg3 g6 10. Bb5 Bg7 11.
Bxc6+ bxc6 12. Nb3 O-O 13. Ne5 Qd6 14. f4 f6 15. Nf3 e5 16. Qd2 exf4 17. gxf4 Re8+ 18. Kf2 Bg4 19. Rae1 Re4 20. g3 Rae8 21. Nc5 R4e7 22. Rxe7 Rxe7 23. Re1 Bf8 24. Rxe7 Qxe7 25. Qe3 Qf7 26.
b4 h6 27. Nh2 Bf5 28. g4 Bb1 29. a4 g5 30. f5 Bxc5 31. dxc5 Be4 32. Nf3 h5 33. gxh5 Qxh5 34. Nd4 Qh2+ 35. Ke1 Kf7 36. Nxc6 g4 37. Nd4 g3 38. Ne2 g2 39. Ng1 Qh4+ 40. Kd2 Qg4 41. c6 Qxf5 42. b5 Qe5 43. Qd4 Qc7 44. c4 f5 45. cxd5 1-0

[Event "*** SCC Grand Prix: Titled Tuesday Blitz"]
[Site "Chess.com"]
[Date "2020.10.13"]
[Round "5"]
[White "orestn"]
[Black "djano"]
[Result "0-1"]
[WhiteElo "2305"]
[BlackElo "2458"]
[TimeControl "180+1"]
[EndTime "10:56:33 PDT"]
[Termination "djano won on time"]

1. e4 g6 2. d4 Bg7 3. Nc3 a6 4.
Nf3 b5 5. Bd3 Bb7 6. a4 b4 7.
Ne2 d6 8. h4 h6 9. c3 a5 10. Ng3 e6 11. h5 g5 12. Nh2 Nd7 13. Qe2 bxc3 14. bxc3 c5 15. Be3 Ngf6 16. Rb1 Bc6 17.
O-O Qc7 18. f4 c4 19. Bc2 gxf4 20. Bxf4 e5 21. Be3 Rg8 22. Ng4 Nxg4 23. Qxg4 Kf8 24.
Nf5 Nf6 25. Qh4 Bh8 26. Bxh6+ Ke8 27. d5 Bd7 28. Bg5 Nh7 29. Be3 Bf6 30. Qf2 Rc8 31. Bb6 Qb8 32. Bxa5 Qa8 33. Nxd6+ Ke7 34. Bb4 Kd8 35.
Nxf7+ Ke8 36. Nd6+ Kd8 37. Nxc8 Qxc8 38. Qb6+ Ke8 39. Rxf6 Nxf6 40. Qxf6 Bh3 41. Qc6+ Qd7 42. Qxd7+ Bxd7 43. Kf2 Rh8 0-1

[Event "*** SCC Grand Prix: Titled Tuesday Blitz"]
[Site "Chess.com"]
[Date "2020.10.13"]
[Round "5"]
[White "Colombiano07"]
[Black "boasovietica"]
[Result "0-1"]
[WhiteElo "2243"]
[BlackElo "2413"]
[TimeControl "180+1"]
[EndTime "10:56:36 PDT"]
[Termination "boasovietica won by resignation"]

1. d4 Nf6 2. Nc3 d5 3. Bf4 c6 4.
Qd2 e6 5. f3 Bd6 6. e4 Bxf4 7.
Qxf4 dxe4 8. fxe4 Qxd4 9. Nf3 Qb4 10. O-O-O Nbd7 11. Bd3 Qe7 12. Kb1 e5 13. Qg3 Nh5 14.
Qe1 Nf4 15. g3 Ne6 16. Bc4 f6 17. h4 Nb6 18. Bb3 Bd7 19. h5 O-O-O 20. h6 g6 21.
Qe3 Kb8 22. Rh2 Bc8 23. Rhd2 Rxd2 24. Rxd2 Rd8 25. a4 Nd7 26. a5 Ndc5 27. Bc4 Rxd2 28. Qxd2 Nc7 29. Ne1 Be6 30. Qe2 Bxc4 31. Qxc4 N5e6 32.
Nd3 Qd6 33. Na4 Qd4 34. Qxd4 Nxd4 35. Nac5 Kc8 36. g4 Nce6 37. c3 Nxc5 38. Nxc5 Nf3 39. Kc2 Nh2 40. g5 fxg5 41. Nd3 Ng4 42. Kd2 Nxh6 43.
Nxe5 Kc7 44. b4 Kd6 45. Nc4+ Ke6 46. Ke3 Nf7 47. Nb2 Ne5 48. Na4 Nd7 49. c4 a6 50.
Nb2 h5 51. Nd3 g4 52. Kf4 Kf6 53. Nf2 g5+ 54. Ke3 Ne5 55. c5 g3 56. Nd1 h4 57.
Nc3 h3 58. Ne2 g2 59. Kf2 g4 60. Kg3 Kg5 61. Kh2 Nf3+ 62. Kg3 g1=Q+ 63. Nxg1 Nxg1 64. e5 Ne2+ 65. Kf2 Nf4 66. Kg3 Nh5+ 67. Kh2 Kh4 68. e6 g3+ 69. Kh1 g2+ 70. Kh2 Kg4 71.
e7 Nf6 72. e8=Q Nxe8 73. Kg1 Kg3 0-1

[Event "*** SCC Grand Prix: Titled Tuesday Blitz"]
[Site "Chess.com"]
[Date "2020.10.13"]
[Round "5"]
[White "NiranjanNavalgund"]
[Black "ExcitingTrap"]
[Result "1-0"]
[WhiteElo "2445"]
[BlackElo "2291"]
[TimeControl "180+1"]
[EndTime "10:56:37 PDT"]
[Termination "NiranjanNavalgund won by resignation"]

1. d4 Nf6 2. c4 g6 3. Nc3 Bg7 4. e4 d6 5. Bd3 O-O 6. Nge2 c5 7. d5 e6 8. h3 exd5 9. exd5 Re8 10. O-O a6 11. Bg5 Nbd7 12. f4 Nf8 13.
Bh4 Rb8 14. f5 N8d7 15. fxg6 hxg6 16. Nf4 Ne5 17. Be2 Bd7 18. Ne4 Bf5 19. Ng3 Bc8 20.
Rc1 b5 21. cxb5 axb5 22. Kh1 c4 23. Ne4 Ned7 24. Nxd6 Re5 25. Nxc8 Rxc8 26. Bg3 Re3 27. Bf2 Re8 28. Bf3 Qa5 29. a3 Ne5 30. Be2 Rcd8 31. Bc5 Ne4 32. Bf2 Bh6 33. Be1 Qc7 34. Qd4 Nc6 35. Qe3 Nf6 36. Qf3 Nd4 37. Qf2 Bxf4 38. Qxd4 Bxc1 39. Qxf6 Qe7 40. Qd4 Qxe2 41. Bc3 Re5 42. Qxe5 Qxe5 43. Bxe5 Rxd5 44. Bf6 Be3 45.
Re1 Bc5 46. Re8+ Bf8 47. Be7 Rd1+ 48. Kh2 Re1 49. Rxf8+ Kg7 50. Re8 Re6 51. Bf8+ Kf6 52. Rxe6+ Kxe6 53. Bb4 Kd5 54. Kg1 Ke4 55. Kf2 Kd3 56.
Bc3 f5 57. Kf3 g5 58. g3 Kc2 59. h4 gxh4 60. gxh4 Kb3 61. Kf4 b4 62. axb4 Ka4 63. h5 1-0

[Event "*** SCC Grand Prix: Titled Tuesday Blitz"]
[Site "Chess.com"]
[Date "2020.10.13"]
[Round "5"]
[White "Sanan_Sjugirov"]
[Black "1977Ivan"]
[Result "1-0"]
[WhiteElo "2898"]
[BlackElo "2687"]
[TimeControl "180+1"]
[EndTime "10:56:39 PDT"]
[Termination "Sanan_Sjugirov won by resignation"]

1. d4 Nf6 2. c4 e6 3. Nf3 d5 4. g3 Be7 5. Bg2 Ne4 6. O-O f5 7. Nbd2 Nc6 8. e3 h5 9. Nxe4 dxe4 10. Nd2 e5 11. Nb3 h4 12. a3 Qd6 13. d5 Nd8 14.
Bd2 Qh6 15. g4 h3 16. Bh1 Nf7 17. f4 exf3 18. Qxf3 Ng5 19. Qg3 e4 20. Bb4 Bxb4 21. axb4 O-O 22. gxf5 Bxf5 23. Nd4 Bg6 24. Rf4 Bh5 25.
Raf1 Nf3+ 26. Bxf3 exf3 27. Kf2 Rxf4 28. Qxf4 Qxf4 29. exf4 Re8 30. Ne6 c6 31. Rg1 g6 32.
f5 cxd5 33. cxd5 Kf7 34. fxg6+ Bxg6 35. Kxf3 Kf6 36. Kf4 Bf7 37. Nc7 Re2 38. d6 Rf2+ 39. Ke3 Rxb2 40. Rf1+ Ke5 41. d7 Rb3+ 42. Kd2 Rb2+ 43.
Kc3 Rb3+ 44. Kc2 1-0

[Event "*** SCC Grand Prix: Titled Tuesday Blitz"]
[Site "Chess.com"]
[Date "2020.10.13"]
[Round "5"]
[White "ama18"]
[Black "wannabe2700"]
[Result "1-0"]
[WhiteElo "2476"]
[BlackElo "2698"]
[TimeControl "180+1"]
[EndTime "10:56:39 PDT"]
[Termination "ama18 won on time"]

1. e4 c6 2. d4 d5 3. e5 Bf5 4.
Nc3 e6 5. g4 Bg6 6. Nge2 c5 7. h4 h5 8. Nf4 Bh7 9. g5 cxd4 10. Nb5 Be4 11. f3 Bf5 12. Nxd4 Qc7 13. Nxf5 Qxe5+ 14. Qe2 Qxe2+ 15. Bxe2 exf5 16. Nxd5 Bd6 17. Bb5+ Nc6 18. Bf4 Bxf4 19. Bxc6+ bxc6 20. Nxf4 O-O-O 21. Rd1 Ne7 22. Rh2 Rxd1+ 23. Kxd1 g6 24. Re2 Rd8+ 25.
Ke1 Rd7 26. Re5 Kc7 27. c3 Kd6 28. Ra5 Nc8 29. Ke2 Re7+ 30. Kf2 Nb6 31. b3 Rb7 32. c4 Nd7 33. Nd3 c5 34. Ra6+ Nb6 35. b4 Kc7 36. Nxc5 Rb8 37. Rxa7+ Kc6 38. Na6 Rc8 39. c5 Nd5 40. a4 Nc3 41. b5+ Kd5 42. Rd7+ Kc4 43. c6 Nxa4 44. c7 Kxb5 45. Nb8 Kb6 46. Rxf7 Rxc7 47. Nd7+ Ka7 48. Rg7 Nc5 49. Rxg6 1-0

[Event "*** SCC Grand Prix: Titled Tuesday Blitz"]
[Site "Chess.com"]
[Date "2020.10.13"]
[Round "5"]
[White "FMJoseHerrera"]
[Black "anpospan"]
[Result "1/2-1/2"]
[WhiteElo "2559"]
[BlackElo "2375"]
[TimeControl "180+1"]
[EndTime "10:56:39 PDT"]
[Termination "Game drawn by repetition"]

1. Nf3 b6 2. g3 Bb7 3. Bg2 c5 4. d3 e6 5. O-O d6 6. c3 Nf6 7. a3 Nbd7 8. b4 Be7 9. Bb2 O-O 10. Nbd2 Qc7 11. Qb3 Rac8 12. Rfc1 e5 13. e4 d5 14. Nh4 c4 15. dxc4 dxc4 16. Qc2 g6 17.
Rd1 Rfd8 18. Nf1 Nf8 19. Ne3 b5 20. a4 a6 21. axb5 axb5 22. Nd5 Nxd5 23. exd5 Bxh4 24.
gxh4 Qe7 25. Qe2 Qxh4 26. Qxe5 Re8 27. Qg3 Qxg3 28. hxg3 Re2 29. Bc1 Rc2 30. Ra7 Ba8 31. Bh6 Rxc3 32. d6 Bxg2 33. Kxg2 Rd3 34. Rxd3 cxd3 35.
Kf3 Rd8 36. Bf4 Ne6 37. Be5 f6 38. Bxf6 Rxd6 39. Ra1 d2 40. Rd1 Nd4+ 41. Bxd4 Rxd4 42. Ke3 Rxb4 43. Rxd2 Rb3+ 44. Kf4 Kg7 45. g4 h6 46.
Rd7+ Kf6 47. Rd6+ Kf7 48. Rb6 Rb4+ 49. Kg3 Kg7 50. Rb7+ Kf6 51. Rb6+ Kg7 52. Rb7+ Kf6 53. Rb6+ Kg7 1/2-1/2